 Seeded DCSS version 0.28-a0-1117-g0bdd5ba030 (webtiles) character file.

Game seed: 16008875487339432128 (custom seed)

17 croobank the Conjurer (level 2, 0/18 HPs)
             Began as an Octopode Conjurer on Dec 11, 2021.
             Slain by a bat (1 damage)
             ... on level 1 of the Dungeon.
             The game lasted 00:04:29 (1305 turns).

croobank the Conjurer (Octopode Conjurer)           Turns: 1305, Time: 00:04:30

Health: 0/18       AC:  1    Str:  6    XL:     2   Next: 62%
Magic:  5/5        EV: 13    Int: 26    God:
Gold:   0          SH:  0    Dex: 10    Spells: 4/5 levels left

rFire   . . .      SeeInvis +   (no weapon)
rCold   . . .      Faith    .   (no shield)
rNeg    . . .      Spirit   .   (helmet restricted)
rPois   .          Reflect  .   (no amulet)
rElec   .          Harm     .   a - ring of see invisible
rCorr   .          Rampage  .   f - +6 ring of intelligence
Will    .....                   (no ring)
Stlth   +++.......              (no ring)
HPRegen 0.06/turn               (no ring)
MPRegen 0.09/turn               (no ring)
                                (no ring)
                                (no ring)

@: no status effects
A: almost no armour, amphibious, 8 rings, camouflage 1, gelatinous body 1,
(nimble swimmer 1), tentacles
a: no special abilities


You were on level 1 of the Dungeon.
You visited 1 branch of the dungeon, and saw 2 of its levels.

Inventory:

Hand Weapons
 d - a +0 dagger
Missiles
 b - 67 stones
Magical Staves
 c - a staff of conjuration
Jewellery
 a - a ring of see invisible (left tentacle)
 f - a +6 ring of intelligence (right tentacle)
 g - an amulet of reflection
Scrolls
 e - 2 scrolls of identify {identify, unknown}


   Skills:
 + Level 0.4 Fighting
 + Level 2.0 Dodging
 + Level 2.7 Stealth
 + Level 0.1 Unarmed Combat
 + Level 2.0 Spellcasting
 + Level 4.5 Conjurations


You had 4 spell levels left.
You knew the following spells:

 Your Spells              Type           Power      Damage    Failure   Level
a - Magic Dart            Conj           100%       1d8       1%          1

Your spell library contained the following spells:

 Spells                   Type           Power      Damage    Failure   Level
 Searing Ray              Conj           52%        2d6       2%          2
 Sandblast                Erth           4%         2d4       11%         1
 Dazzling Flash           Conj/Hex       28%        N/A       12%         3
 Stone Arrow              Conj/Erth      28%        3d8       12%         3
 Passwall                 Tmut/Erth      1%         N/A       16%         2
 Fulminant Prism          Conj/Hex       7%         3d7       38%         4
 Iskenderun's Mystic Bla  Conj/Tloc      14%        2d5       38%         4


Dungeon Overview and Level Annotations

Branches:
Dungeon (2/15)

Altars:


Innate Abilities, Weirdness & Mutations

You cannot wear most types of armour.
You are amphibious.
You can wear up to eight rings at the same time.
Your skin changes colour to match your surroundings (Stealth+).
Your rubbery body absorbs attacks. (AC +1, EV +1)
((You are camouflaged near water. (Stealth+)))
You have tentacles for arms and can constrict up to eight enemies at once.


Message History

The slug dart hits you.
You tentacle-slap the dart slug. You grab the dart slug.
The dart slug is moderately wounded.
You constrict the dart slug.
The eye of devastation turns its gaze towards you.
The dart slug launches a dart at you. The slug dart hits you.
You tentacle-slap the dart slug but do no damage.
The dart slug is moderately wounded.
You constrict the dart slug.
The kobold shouts!
You closely miss the kobold. Your grab misses the kobold.
Your squeeze misses the kobold. You constrict the dart slug.
The dart slug closely misses you. The kobold hits you with a +0 dagger.
You release your grip on the dart slug.
The bat hits you. The kobold hits you with a +0 dagger.
The bat hits you but does no damage. x2
The bat hits you but does no damage.
The shining eye turns its gaze towards you.
The bat hits you.
* * * LOW HITPOINT WARNING * * *
You aren't carrying any potions.
The bat barely misses you.
You barely miss the bat. You grab the bat.
You constrict the bat, but do no damage.
The bat hits you.
* * * LOW HITPOINT WARNING * * *
The bat hits you.
* * * LOW HITPOINT WARNING * * *
The bat escapes!
The bat hits you.
* * * LOW HITPOINT WARNING * * *
The bat closely misses you. The bat barely misses you. The bat misses you.
The bat misses you. The bat hits you.
* * * LOW HITPOINT WARNING * * *
The bat hits you.
You die...

#.................#
#....###[.........# #....#
#...w......# ######
#..........#
#..........###############
+..........+..............
#.......K..######.#.##.##.
#........b.# #.....#.##.
#########@######..####....
#.....##.....#####
#..[..##..........
#.....##......####
#)....##......##
##....##.......#
#....###....### ..##
#....# #....# ....⌠#....#
#....#


You could see a dart slug, a bat and a kobold.

Vanquished Creatures
  A dart slug (D:2)
  An endoplasm (D:1)
  A goblin (D:1)
  3 hobgoblins
  A kobold (D:2)
  3 ball pythons
  2 frilled lizards (D:1)
  4 rats
16 creatures vanquished.

Notes
Turn   | Place    | Note
-------+----------+-------------------------------------------
     0 | D:1      | croobank the Octopode Conjurer began the quest for the Orb.
     0 | D:1      | Reached XP level 1. HP: 11/11 MP: 3/3
    65 | D:1      | You fall into a shaft and drop 1 floor!
   263 | D:2      | Reached XP level 2. HP: 7/18 MP: 0/5
  1279 | D:1      | Noticed a shining eye
  1281 | D:1      | Found a faded altar of an unknown god.
  1284 | D:1      | Noticed a golden eye
  1284 | D:1      | Noticed an eye of devastation
  1284 | D:1      | Noticed an eye of devastation
  1305 | D:1      | Slain by a bat

Illustrated notes

Levels and vault maps discovered:
D:1:      heliophobic_arrival_henge, layout_basic,
          hellmonk_ecumenical_altar_watching_god
D:2:      layout_basic

Action                   || total
-------------------------++-------
Melee: Unarmed           ||    41
       Constrict         ||    12
       Tentacles         ||     2
 Cast: Magic Dart        ||     7
 Stab: Sleeping          ||     3
Armor: Skin              ||     4
Dodge: Dodged            ||    29

Table legend: (Time is in decaauts)
 A = Elapsed time spent in this place.
 B = Non-inter-level travel time spent in this place.
 C = Inter-level travel time spent in this place.
 D = Time resting spent in this place.
 E = Time spent auto-exploring this place.
 F = Levels seen in this place.
 G = Mean time per level.
                   A        B        C        D        E       F      G
               +--------+--------+--------+--------+--------+-----+--------+
         Total |   1304 |   1304 |      0 |    781 |    274 |   2 |  652.0 |
       Dungeon |   1304 |   1304 |      0 |    781 |    274 |   2 |  652.0 |
               +--------+--------+--------+--------+--------+-----+--------+

Top non-repeatable levels by time:
     D:1: 906 daAuts
     D:2: 397 daAuts
